Workbook
Name Listado: Cierre!#REF!

Sheet Información
A1: INFORMACIÓN GENERAL
A2: Proceso Licitatorio | B2: SA-MC-SDR-074-2019
A3: Objeto | B3: “REALIZAR LAS OBRAS REQUERIDAS PARA LA CONSTRUCCIÓN DEL SISTEMA DE LUMINARIAS EN LAS CANCHAS DE FUTBOL/ ESTADIO DE LOS MUNICIPIOS DE SUPIA, MANZANARES Y VITERBO RESPECTIVAMENTE, EN EL MARCO DE LOS CONVENIOS SUSCRITOS”
A4: Presupuesto oficial | B4: 530217743
A5: Plazo (meses) | B5: 1.5
A6: Apertura del proceso | B6: 43691
A7: Cierre del Proceso | B7: 43724
A9: REQUISITOS FINANCIEROS HABILITANTES
A10: Liquidez Activo corriente/Pasivo Corriente ≥ 1.4 | B10: 1.4
A11: Nivel de endeudamiento Pasivo Total/Activo Total ≤ 0.68 | B11: 0.68
A12: Razón covertura de intereses Utilidad operacional/gastos de intereses ≥ 1.0 | B12: 1
A13: Capital de trabajo CT = AC - PC ≥ 30% PO | B13: =B4*0.3 -> 1.5906532e+08
A15: REQUISITOS ORGANIZACIONALES HABILITANTES
A16: Rentabilidad del patrimonio (ROE) Utilidad operacional/Patrimonio ≥ 3% | B16: 0.03
A17: Rentabilidad del activo (ROA) Utilidad operacional/Activo total ≥ 1% | B17: 0.01
A19: CAPACIDAD RESIDUAL | B19: 4.2417419e+08
A21: CRITERIOS DE COMPARACION Y CALIFICACIÓN DE LAS PROPUESTAS
A22: Presupuesto Oficial SMMLV | B22: =B4/828116 -> 640.26989
A23: Presupuesto Oficial Mensual SMMLV PMFO | B23: =+B22/4 -> 160.06747

Sheet Cierre
A1: No. | B1: PROPONENTE | C1: REPRESENTANTE LEGAL | D1: CONFORMACION CONSORCIO | E1: % | F1: Compañía Aseguradora | G1: No. De Póliza | H1: Valor Asegurado | I1: Vigencia inicial | J1: Vigencia final | K1: No. Folios | L1: Observaciones
A2: 1 | B2: IMPORLED S.A.S. | C2: LUIS FELIPE BETANCUR ARISTIZABAL | D2: N/A | E2: 1 | F2: ASEGURADORA SOLIDARIA DE COLOMBIA | G2: 500-47-994000018313 | H2: 53021774 | I2: 43712 | J2: 43813 | K2: NA

Sheet Capacidad Juridica
A1: No. | B1: PROPONENTE | C1: CARTA PRESENTACIÓN | I1: CONFORMACIÓN CONSORCIAL | N1: CERTIFICADO DE EXISTENCIA Y REPRESENTACIÓN LEGAL | V1: CERTIFICADO DE INSCRIPCIÓN EN EL REGISTRO UNICO DE PROPONENTES (RUP) | AB1: GARANTIA DE SERIEDAD DE LA OFERTA | AJ1: OTROS DOCUMENTOS | AW1: HABIL / NO HABIL / SUBSANAR | AX1: OBSERVACIONES
C2: PRESENTA | D2: REPRESENTANTE LEGAL | E2: INGENIERO ELECTRÓNICO O ELECTRICISTA QUE AVALA LA PROPUESTA | F2: MATRICULA PROFESIONAL MAYOR O IGUAL A DIEZ (10 ) AÑOS (No. De la Matricula) | G2: CERTIFICADO ACIEM | H2: VIGENCIA CERTIFICADO (Fecha Expedición) | I2: PRESENTA (SI/NO) | J2: TIPO (Consorcio/Union Temporal /Individual ) | K2: DURACION PLAZO DEL CONTRATO Y 5 AÑOS MAS (CUMPLE / NO CUMPLE) | L2: NOMBRE/ NUMERO MAX DE INTEGRANTES DOS (2) | M2: 40 % PARTICIPACIÓN MINIMA | N2: PRESENTA (SI/NO) | O2: FECHA DE EXPEDICIÓN ENTRE 4 DE AGOSTO AL 4 DE SEPTIEMBRE | P2: DOMICILIO | Q2: OBJETO SOCIAL | R2: DURACIÓN DE LA SOCIEDAD (PLAZO CONTRACTUAL Y 5 AÑO MAS ) | S2: REPRESENTANTE LEGAL | T2: LIMITACIONES AL REPRESENTANTE LEGAL | U2: AUTORIZACIÓN DEL ORGANO SOCIAL | V2: PRESENTA | W2: CODIGO DE UNSPSC 39112100 39111600 39112000 39112400 45111600 81101700 72151500 | X2: FECHA DE EXPEDICIÓN | Y2: SANCIONES CONSIGNADAS EN EL RUP | Z2: RENOVADO | AA2: FIRMEZA RUP | AB2: FORMATO A FAVOR DE ENTIDADES ESTATALES | AC2: TOMADOR | AD2: COMPAÑÍA | AE2: PÓLIZA | AF2: VALOR $53.021.774 | AG2: VIGENCIA INICIAL 4- SEP - 2019 | AH2: VIGENCIA FINAL 4-DIC 2019 | AI2: BENEFICIARIO GOBERNACIÓN | AJ2: CERTIFICADO DE ANTECEDENTES FISCALES DE LA CONTRALORIA GENERAL DE LA REPUBLICA | AK2: CERTIFICADO DE ANTECEDENTES DISCIPLINARIOS DE LA PROCURADURIA GENERAL DE LA NACION | AL2: CERTIFICADO DE ANTECEDENTES JUDICIALES | AM2: MEDIDAS CORRECTIVAS | AN2: CERTIFICACIÓN DE PAGOS DE SEGURIDAD SOCIAL Y APORTES PARAFISCALES | AO2: PACTO DE TRASPARENCIA/ COMPROMISO ANTICORRUPCIÓN | AP2: CEDULA DEL PROPONENTE | AQ2: RUT ACTUALIZADO | AR2: LIBRETA MILITAR CUMPLE | AS2: MATRICULA PROFESIONAL | AT2: CERTIFICADO DE ACIEM | AU2: COPIA TARJETA PROFESIONAL CONTADOR O REVISOR FISCAL | AV2: ANTECEDENTES DISCIPLINARIOS JCC
A3: 1 | B3: IMPORLET S.A.S | C3: CUMPLE | D3: LUIS FELIPE BETANCUR ARISTIZABAL | E3: ANDRES FELIPE FRANCO ZULUAGA | F3: 205-52732 | G3: PRESENTA | H3: 3/07/2019 HASTA 3/01/2020 | I3: N/A | J3: N/A | K3: N/A | L3: N/A | M3: N/A | N3: SI | O3: 43692 | P3: MANIZALES | Q3: CUMPLE | R3: INDEFINIDO | S3: LUIS FELIPE BETANCUR ARISTIZABAL | T3: N/A | U3: N/A | V3: CUMPLE | W3: CUMPLE | X3: 43692 | Y3: NO REPORTA | Z3: CUMPLE 13/05/2019 | AA3: CUMPLE | AB3: CUMPLE | AC3: IMPORLET SAS | AD3: ASEGURADORA CONFIANZA | AE3: 500-47-994000018313 | AF3: 53021774 | AG3: 43712 | AH3: 43813 | AI3: CUMPLE | AJ3: CUMPLE | AK3: CUMPLE | AL3: CUMPLE | AM3: CUMPLE | AN3: CUMPLE | AO3: CUMPLE | AP3: SUBSANAR | AQ3: CUMPLE | AR3: CUMPLE | AS3: CUMPLE | AT3: CUMPLE | AU3: CUMPLE | AV3: CUMPLE | AW3: HABIL

Sheet Capacidad Financiera
A1: No. | B1: PROPONENTE | C1: CONFORMACION CONSORCIAL | D1: %PARTICIPACION | E1: INFORMACION FINANCIERA | K1: CAPACIDAD FINANCIERA | P1: K RESIDUAL | Q1: CAPACIDAD ORGANIZACIONAL | S1: OBSERVACIONES | T1: K RESIDUAL | U1: CAPACIDAD FINANCIERA | V1: CAPACIDAD ORGANIZACIONAL
E2: Activo Corriente | F2: Activo Total | G2: Pasivo Corriente | H2: Pasivo Total | I2: Utilidad operacional | J2: Gastos de intereses | K2: CAPITAL DE TRABAJO | L2: LIQUIDEZ | M2: NIVEL DE ENDEUDAMIENTO | N2: RAZON DE COBERTURA DE INTERESES | O2: PATRIMONIO | Q2: RENTABILIDAD SOBRE PATRIMONIO | R2: RENTABILIDAD SOBRE ACTIVOS
A3: 1 | B3: =VLOOKUP($A3,Cierre!$A:$H,2,FALSE) -> IMPORLED S.A.S. | C3: N/A | D3: 1 | E3: 1035239296 | F3: 1035239296 | G3: 423379656 | H3: 511471161 | I3: 345738950 | J3: 13986295 | K3: =E3-G3 -> 611859640 | L3: =IFERROR((E3*D3)/(G3*D3),0) -> 2.4451796 | M3: =IFERROR((H3*D3)/(F3*D3),0) -> 0.49406081 | N3: =IFERROR((I3*D3)/(J3*D3),0) -> 24.719838 | O3: 523768135 | P3: 2.1266568e+09 | Q3: =IFERROR((I3*D3)/(O3*D3),0) -> 0.66009924 | R3: =IFERROR((I3*D3)/(F3*D3),0) -> 0.33397008 | T3: HABIL | U3: HABIL | V3: HABIL

Sheet Experiencia
A1: No. | B1: PROPONENTE | C1: NOMBRE | D1: CONTRATANTE | E1: CONTRATO No. 951116 721410 | F1: I, C, UT | G1: % (1) | H1: INICIACIÓN (DD/MM/AA) | I1: TERMINACIÓN (DD/MM/AA) | J1: SUSPENSIÓN (MESES) | K1: PLAZO DE EJECUCIÓN (MESES) (2) | L1: VALOR TOTAL DEL CONTRATO INCLUIDAS SUS ADICIONES, AJUSTES Y EL IVA (3) | M1: VALOR TOTAL DEL CONTRATO A CONSIDERAR COMO EXPERIENCIA (4) = (3)*(1) | N1: VALOR FACTURADO ACTUALIZADO SMMLV (VFA) | O1: PROMEDIO DE FACTURACIÓN MENSUAL (PFMi) | P1: VALOR TOTAL EJECUTADO (VTEi) | R1: Suspensión 1 | T1: Suspensión 2 | V1: Suspensión 3 | X1: Suspensión 4 | Z1: Suspensión 5
A2: 1 | B2: =IF($A2="","",VLOOKUP($A2,Cierre!$A:$L,2,FALSE)) -> IMPORLED S.A.S. | C2: =IF($A2="","",VLOOKUP($A2,Cierre!$A:$L,3,FALSE)) -> LUIS FELIPE BETANCUR ARISTIZABAL | J2: =AB2+AC2+AD2+AE2+AF2 -> 0 | K2: =IF(H2="",0,ROUND(((((I2-H2)+1)/360)*12)-J2,3)) -> 0 | M2: =ROUND(L2*G2,3) -> 0 | N2: =IF(I2="","",ROUND(M2/VLOOKUP(YEAR(I2),SMMLV!$A$2:$B$41,2,FALSE),3)) | O2: =IFERROR(ROUND(N2/K2,3),"") | P2: =N2 | AB2: =IF(R2="",0,ROUND((((S2-R2)+1)/30),3)) -> 0 | AC2: =IF(T2="",0,ROUND((((U2-T2)+1)/30),3)) -> 0 | AD2: =IF(V2="",0,ROUND((((W2-V2)+1)/30),3)) -> 0 | AE2: =IF(X2="",0,ROUND((((Y2-X2)+1)/30),3)) -> 0 | AF2: =IF(Z2="",0,ROUND((((AA2-Z2)+1)/30),3)) -> 0
B3: =IF($A3="","",VLOOKUP($A3,Cierre!$A:$L,2,FALSE)) | J3: =AB3+AC3+AD3+AE3+AF3 -> 0 | K3: =IF(H3="",0,ROUND(((((I3-H3)+1)/360)*12)-J3,3)) -> 0 | M3: =ROUND(L3*G3,3) -> 0 | N3: =IF(I3="","",ROUND(M3/VLOOKUP(YEAR(I3),SMMLV!$A$2:$B$40,2,FALSE),3)) | O3: =IFERROR(ROUND(N3/K3,3),"") | P3: =N3 | AB3: =IF(R3="",0,ROUND((((S3-R3)+1)/30),3)) -> 0 | AC3: =IF(T3="",0,ROUND((((U3-T3)+1)/30),3)) -> 0 | AD3: =IF(V3="",0,ROUND((((W3-V3)+1)/30),3)) -> 0 | AE3: =IF(X3="",0,ROUND((((Y3-X3)+1)/30),3)) -> 0 | AF3: =IF(Z3="",0,ROUND((((AA3-Z3)+1)/30),3)) -> 0
B4: =IF($A4="","",VLOOKUP($A4,Cierre!$A:$L,2,FALSE)) | J4: =AB4+AC4+AD4+AE4+AF4 -> 0 | K4: =IF(H4="",0,ROUND(((((I4-H4)+1)/360)*12)-J4,3)) -> 0 | M4: =ROUND(L4*G4,3) -> 0 | N4: =IF(I4="","",ROUND(M4/VLOOKUP(YEAR(I4),SMMLV!$A$2:$B$40,2,FALSE),3)) | O4: =IFERROR(ROUND(N4/K4,3),"") | P4: =N4 | AB4: =IF(R4="",0,ROUND((((S4-R4)+1)/30),3)) -> 0 | AC4: =IF(T4="",0,ROUND((((U4-T4)+1)/30),3)) -> 0 | AD4: =IF(V4="",0,ROUND((((W4-V4)+1)/30),3)) -> 0 | AE4: =IF(X4="",0,ROUND((((Y4-X4)+1)/30),3)) -> 0 | AF4: =IF(Z4="",0,ROUND((((AA4-Z4)+1)/30),3)) -> 0
B5: =IF($A5="","",VLOOKUP($A5,Cierre!$A:$L,2,FALSE)) | J5: =AB5+AC5+AD5+AE5+AF5 -> 0 | K5: =IF(H5="",0,ROUND(((((I5-H5)+1)/360)*12)-J5,3)) -> 0 | M5: =ROUND(L5*G5,3) -> 0 | N5: =IF(I5="","",ROUND(M5/VLOOKUP(YEAR(I5),SMMLV!$A$2:$B$40,2,FALSE),3)) | O5: =IFERROR(ROUND(N5/K5,3),"") | P5: =N5 | AB5: =IF(R5="",0,ROUND((((S5-R5)+1)/30),3)) -> 0 | AC5: =IF(T5="",0,ROUND((((U5-T5)+1)/30),3)) -> 0 | AD5: =IF(V5="",0,ROUND((((W5-V5)+1)/30),3)) -> 0 | AE5: =IF(X5="",0,ROUND((((Y5-X5)+1)/30),3)) -> 0 | AF5: =IF(Z5="",0,ROUND((((AA5-Z5)+1)/30),3)) -> 0
B6: =IF($A6="","",VLOOKUP($A6,Cierre!$A:$L,2,FALSE)) | J6: =AB6+AC6+AD6+AE6+AF6 -> 0 | K6: =IF(H6="",0,ROUND(((((I6-H6)+1)/360)*12)-J6,3)) -> 0 | M6: =ROUND(L6*G6,3) -> 0 | N6: =IF(I6="","",ROUND(M6/VLOOKUP(YEAR(I6),SMMLV!$A$2:$B$40,2,FALSE),3)) | O6: =IFERROR(ROUND(N6/K6,3),"") | P6: =N6 | AB6: =IF(R6="",0,ROUND((((S6-R6)+1)/30),3)) -> 0 | AC6: =IF(T6="",0,ROUND((((U6-T6)+1)/30),3)) -> 0 | AD6: =IF(V6="",0,ROUND((((W6-V6)+1)/30),3)) -> 0 | AE6: =IF(X6="",0,ROUND((((Y6-X6)+1)/30),3)) -> 0 | AF6: =IF(Z6="",0,ROUND((((AA6-Z6)+1)/30),3)) -> 0
B7: =IF($A7="","",VLOOKUP($A7,Cierre!$A:$L,2,FALSE)) | J7: =AB7+AC7+AD7+AE7+AF7 -> 0 | K7: =IF(H7="",0,ROUND(((((I7-H7)+1)/360)*12)-J7,3)) -> 0 | M7: =ROUND(L7*G7,3) -> 0 | N7: =IF(I7="","",ROUND(M7/VLOOKUP(YEAR(I7),SMMLV!$A$2:$B$40,2,FALSE),3)) | O7: =IFERROR(ROUND(N7/K7,3),"") | P7: =N7 | AB7: =IF(R7="",0,ROUND((((S7-R7)+1)/30),3)) -> 0 | AC7: =IF(T7="",0,ROUND((((U7-T7)+1)/30),3)) -> 0 | AD7: =IF(V7="",0,ROUND((((W7-V7)+1)/30),3)) -> 0 | AE7: =IF(X7="",0,ROUND((((Y7-X7)+1)/30),3)) -> 0 | AF7: =IF(Z7="",0,ROUND((((AA7-Z7)+1)/30),3)) -> 0
B8: =IF($A8="","",VLOOKUP($A8,Cierre!$A:$L,2,FALSE)) | J8: =AB8+AC8+AD8+AE8+AF8 -> 0 | K8: =IF(H8="",0,ROUND(((((I8-H8)+1)/360)*12)-J8,3)) -> 0 | M8: =ROUND(L8*G8,3) -> 0 | N8: =IF(I8="","",ROUND(M8/VLOOKUP(YEAR(I8),SMMLV!$A$2:$B$40,2,FALSE),3)) | O8: =IFERROR(ROUND(N8/K8,3),"") | P8: =N8 | AB8: =IF(R8="",0,ROUND((((S8-R8)+1)/30),3)) -> 0 | AC8: =IF(T8="",0,ROUND((((U8-T8)+1)/30),3)) -> 0 | AD8: =IF(V8="",0,ROUND((((W8-V8)+1)/30),3)) -> 0 | AE8: =IF(X8="",0,ROUND((((Y8-X8)+1)/30),3)) -> 0 | AF8: =IF(Z8="",0,ROUND((((AA8-Z8)+1)/30),3)) -> 0
B9: =IF($A9="","",VLOOKUP($A9,Cierre!$A:$L,2,FALSE)) | J9: =AB9+AC9+AD9+AE9+AF9 -> 0 | K9: =IF(H9="",0,ROUND(((((I9-H9)+1)/360)*12)-J9,3)) -> 0 | M9: =ROUND(L9*G9,3) -> 0 | N9: =IF(I9="","",ROUND(M9/VLOOKUP(YEAR(I9),SMMLV!$A$2:$B$40,2,FALSE),3)) | O9: =IFERROR(ROUND(N9/K9,3),"") | P9: =N9 | AB9: =IF(R9="",0,ROUND((((S9-R9)+1)/30),3)) -> 0 | AC9: =IF(T9="",0,ROUND((((U9-T9)+1)/30),3)) -> 0 | AD9: =IF(V9="",0,ROUND((((W9-V9)+1)/30),3)) -> 0 | AE9: =IF(X9="",0,ROUND((((Y9-X9)+1)/30),3)) -> 0 | AF9: =IF(Z9="",0,ROUND((((AA9-Z9)+1)/30),3)) -> 0
B10: =IF($A10="","",VLOOKUP($A10,Cierre!$A:$L,2,FALSE)) | J10: =AB10+AC10+AD10+AE10+AF10 -> 0 | K10: =IF(H10="",0,ROUND(((((I10-H10)+1)/360)*12)-J10,3)) -> 0 | M10: =ROUND(L10*G10,3) -> 0 | N10: =IF(I10="","",ROUND(M10/VLOOKUP(YEAR(I10),SMMLV!$A$2:$B$40,2,FALSE),3)) | O10: =IFERROR(ROUND(N10/K10,3),"") | P10: =N10 | AB10: =IF(R10="",0,ROUND((((S10-R10)+1)/30),3)) -> 0 | AC10: =IF(T10="",0,ROUND((((U10-T10)+1)/30),3)) -> 0 | AD10: =IF(V10="",0,ROUND((((W10-V10)+1)/30),3)) -> 0 | AE10: =IF(X10="",0,ROUND((((Y10-X10)+1)/30),3)) -> 0 | AF10: =IF(Z10="",0,ROUND((((AA10-Z10)+1)/30),3)) -> 0
B11: =IF($A11="","",VLOOKUP($A11,Cierre!$A:$L,2,FALSE)) | J11: =AB11+AC11+AD11+AE11+AF11 -> 0 | K11: =IF(H11="",0,ROUND(((((I11-H11)+1)/360)*12)-J11,3)) -> 0 | M11: =ROUND(L11*G11,3) -> 0 | N11: =IF(I11="","",ROUND(M11/VLOOKUP(YEAR(I11),SMMLV!$A$2:$B$40,2,FALSE),3)) | O11: =IFERROR(ROUND(N11/K11,3),"") | P11: =N11 | AB11: =IF(R11="",0,ROUND((((S11-R11)+1)/30),3)) -> 0 | AC11: =IF(T11="",0,ROUND((((U11-T11)+1)/30),3)) -> 0 | AD11: =IF(V11="",0,ROUND((((W11-V11)+1)/30),3)) -> 0 | AE11: =IF(X11="",0,ROUND((((Y11-X11)+1)/30),3)) -> 0 | AF11: =IF(Z11="",0,ROUND((((AA11-Z11)+1)/30),3)) -> 0
B12: =IF($A12="","",VLOOKUP($A12,Cierre!$A:$L,2,FALSE)) | J12: =AB12+AC12+AD12+AE12+AF12 -> 0 | K12: =IF(H12="",0,ROUND(((((I12-H12)+1)/360)*12)-J12,3)) -> 0 | M12: =ROUND(L12*G12,3) -> 0 | N12: =IF(I12="","",ROUND(M12/VLOOKUP(YEAR(I12),SMMLV!$A$2:$B$40,2,FALSE),3)) | O12: =IFERROR(ROUND(N12/K12,3),"") | P12: =N12 | AB12: =IF(R12="",0,ROUND((((S12-R12)+1)/30),3)) -> 0 | AC12: =IF(T12="",0,ROUND((((U12-T12)+1)/30),3)) -> 0 | AD12: =IF(V12="",0,ROUND((((W12-V12)+1)/30),3)) -> 0 | AE12: =IF(X12="",0,ROUND((((Y12-X12)+1)/30),3)) -> 0 | AF12: =IF(Z12="",0,ROUND((((AA12-Z12)+1)/30),3)) -> 0
B13: =IF($A13="","",VLOOKUP($A13,Cierre!$A:$L,2,FALSE)) | J13: =AB13+AC13+AD13+AE13+AF13 -> 0 | K13: =IF(H13="",0,ROUND(((((I13-H13)+1)/360)*12)-J13,3)) -> 0 | M13: =ROUND(L13*G13,3) -> 0 | N13: =IF(I13="","",ROUND(M13/VLOOKUP(YEAR(I13),SMMLV!$A$2:$B$40,2,FALSE),3)) | O13: =IFERROR(ROUND(N13/K13,3),"") | P13: =N13 | AB13: =IF(R13="",0,ROUND((((S13-R13)+1)/30),3)) -> 0 | AC13: =IF(T13="",0,ROUND((((U13-T13)+1)/30),3)) -> 0 | AD13: =IF(V13="",0,ROUND((((W13-V13)+1)/30),3)) -> 0 | AE13: =IF(X13="",0,ROUND((((Y13-X13)+1)/30),3)) -> 0 | AF13: =IF(Z13="",0,ROUND((((AA13-Z13)+1)/30),3)) -> 0
B14: =IF($A14="","",VLOOKUP($A14,Cierre!$A:$L,2,FALSE)) | J14: =AB14+AC14+AD14+AE14+AF14 -> 0 | K14: =IF(H14="",0,ROUND(((((I14-H14)+1)/360)*12)-J14,3)) -> 0 | M14: =ROUND(L14*G14,3) -> 0 | N14: =IF(I14="","",ROUND(M14/VLOOKUP(YEAR(I14),SMMLV!$A$2:$B$40,2,FALSE),3)) | O14: =IFERROR(ROUND(N14/K14,3),"") | P14: =N14 | AB14: =IF(R14="",0,ROUND((((S14-R14)+1)/30),3)) -> 0 | AC14: =IF(T14="",0,ROUND((((U14-T14)+1)/30),3)) -> 0 | AD14: =IF(V14="",0,ROUND((((W14-V14)+1)/30),3)) -> 0 | AE14: =IF(X14="",0,ROUND((((Y14-X14)+1)/30),3)) -> 0 | AF14: =IF(Z14="",0,ROUND((((AA14-Z14)+1)/30),3)) -> 0
... B53: =IF($A53="","",VLOOKUP($A53,Cierre!$A:$L,2,FALSE)) | J53: =AB53+AC53+AD53+AE53+AF53 -> 0 | K53: =IF(H53="",0,ROUND(((((I53-H53)+1)/360)*12)-J53,3)) -> 0 | M53: =ROUND(L53*G53,3) -> 0 | N53: =IF(I53="","",ROUND(M53/VLOOKUP(YEAR(I53),SMMLV!$A$2:$B$40,2,FALSE),3)) | O53: =IFERROR(ROUND(N53/K53,3),"") | P53: =N53 | AB53: =IF(R53="",0,ROUND((((S53-R53)+1)/30),3)) -> 0 | AC53: =IF(T53="",0,ROUND((((U53-T53)+1)/30),3)) -> 0 | AD53: =IF(V53="",0,ROUND((((W53-V53)+1)/30),3)) -> 0 | AE53: =IF(X53="",0,ROUND((((Y53-X53)+1)/30),3)) -> 0 | AF53: =IF(Z53="",0,ROUND((((AA53-Z53)+1)/30),3)) -> 0

Sheet Resumen Calificación
A1: No. | B1: Proponente | C1: CALIFICACIÓN JURIDICA | D1: CALIFICACIÓN FINANCIERA | E1: CALIFICACIÓN ORGANIZACIONAL | F1: CONTRATO No. 951116 721410 (SMLMV) | G1: CALIFICACIÓN TÉCNICA | H1: CAPACIDAD RESIDUAL DE CONTRATACION
A3: 1 | B3: =VLOOKUP($A3,Cierre!$A:$H,2,FALSE) -> IMPORLED S.A.S. | C3: HABIL | D3: HABIL | E3: HABIL | F3: =523.6+91.24+95.66 -> 710.5 | G3: =IF(SUMIF($A:$A,$A3,$F:$F)<(Información!$B$22),"NO HÁBIL","HÁBIL") -> HÁBIL | H3: HABIL

Sheet SMMLV
A1: PERÍODO | B1: MONTO MENSUAL
A2: 1980 | B2: 4500
A3: 1981 | B3: 5700
A4: 1982 | B4: 7410
A5: 1983 | B5: 9261
A6: 1984 | B6: 11298
A7: 1985 | B7: 13558
A8: 1986 | B8: 16811
A9: 1987 | B9: 20510
A10: 1988 | B10: 25637
A11: 1989 | B11: 32560
A12: 1990 | B12: 41025
A13: 1991 | B13: 51716
... A41: 2019 | B41: 828116
A43: SI
A44: NO
A45: N/A
A46: PRESENTA
A47: NO PRESENTA
A48: N/A
A50: C
A51: UT
A52: I
A54: CUMPLE
A55: NO CUMPLE
A56: N/A
... A62: SUBSANAR
